 Dungeon Crawl Stone Soup version 0.24.1 (webtiles) character file.

Game seed: 12592857467747800175, levelgen mode: deterministic

128 MajorAdolf the Cutter (level 5, 0/45 HPs)
             Began as a Naga Wanderer on Apr 6, 2020.
             Slain by a gnoll
             ... wielding a +0 spear
              (6 damage)
             ... on level 3 of the Dungeon.
             The game lasted 00:08:17 (3623 turns).

MajorAdolf the Cutter (Naga Wanderer)               Turns: 3623, Time: 00:08:18

Health: 0/45       AC:  2    Str: 13    XL:     5   Next: 11%
Magic:  6/6        EV:  9    Int: 13    God:
Gold:   148        SH:  0    Dex: 12    Spells: 6/6 levels left

rFire    . . .     SeeInvis +   a - +2 dagger
rCold    + . .     Gourm    .   (no shield)
rNeg     . . .     Faith    .   e - +0 robe
rPois    +         Spirit   .   (no helmet)
rElec    .         Reflect  .   (no cloak)
rCorr    .         Harm     .   (no gloves)
MR       .....                  (no barding)
Stlth    ++........             (no amulet)
HPRegen  0.15/turn              s - ring of protection from cold
MPRegen  0.10/turn              (no ring)

@: about to teleport, very slow
A: large, see invisible, deformed body, poison resistance, slowness 2, slow
metabolism 1, spit poison 1, AC +1
a: Spit Poison


You were on level 3 of the Dungeon.
You were hungry.

You visited 1 branch of the dungeon, and saw 3 of its levels.

You collected 148 gold pieces.

Inventory:

Hand Weapons
 a - a +2 dagger (weapon)
 c - a +0 mace
 q - a +0 hunting sling
Missiles
 r - 143 stones (quivered)
Armour
 e - a +0 robe (worn)
Jewellery
 s - a ring of protection from cold (left hand)
Scrolls
 i - a scroll of amnesia {unknown}
 j - a scroll of remove curse {unknown}
 p - 2 scrolls of identify {unknown}
 t - a scroll of immolation {unknown}
Potions
 b - 2 potions of invisibility {unknown}
 g - a potion of heal wounds {unknown}
 h - a potion of cancellation {unknown}
 k - 3 potions of curing {unknown}
 l - 2 potions of haste {unknown}
 m - a potion of might {unknown}
 n - a potion of mutation {unknown}
 o - a potion of degeneration {unknown}
Comestibles
 f - 6 rations


   Skills:
 - Level 2.0 Fighting
 + Level 3.9 Short Blades
 - Level 2.0 Maces & Flails
 - Level 1.0 Armour
 + Level 0.6 Dodging
 + Level 3.3 Stealth
   Level 1.0 Shields
 - Level 1.0 Spellcasting
   Level 2.0 Summonings


You had 6 spell levels left.
You didn't know any spells.
Your spell library was empty.

Dungeon Overview and Level Annotations

Branches:
Dungeon (3/15)

Altars:
Hepliaklqana
Makhleb
Uskayaw
Xom


Innate Abilities, Weirdness & Mutations

You cannot wear boots.
Your serpentine skin is tough. (AC +1)
You have supernaturally acute eyesight. (SInv)
Armour fits poorly on your strangely shaped body.
Your system is resistant to poisons. (rPois)
You cover ground very slowly.
You have a slow metabolism.
You can spit poison.


Message History

a +0 club; a scroll labeled MALLOG KOYS You completely miss the gnoll.
The gnoll is moderately wounded.
The gnoll misses you.
You barely miss the gnoll.
The gnoll is moderately wounded.
You hit the gnoll but do no damage.
The gnoll is moderately wounded.
The gnoll hits you with a +0 spear.
* * * LOW HITPOINT WARNING * * *
Okay, then.
You barely miss the gnoll.
The gnoll is moderately wounded.
The gnoll barely misses you.
Unknown command.
As you read the scroll of teleportation, it crumbles to dust.
You feel strangely unstable.
You have got your breath back.
The gnoll hits you with a +0 spear.
You die...

..$........# #....#......#...###
...........# ###.....<...###....
..##...[...# ##.$......# ##...
..##.......# #.#......#####..
#..#.......#######.#......#......
#.).......#................#####
##........#.###.####.##.#.## #
#....##### #g# #.##.#.# # ####)#
#@# #..#.#.. # #g# ##.# ##...##.#
# #.# #..# ###.# # #.# #.## #.# #
#.# #.# #.# # #.. ##.# #.# #
#####.######..########.# ##
##._.###._.##...........# ## #.
#.....8.....#.#########.###.####


You could see a gnoll.

Vanquished Creatures
  An adder (D:2)
  3 gnolls
  2 worms
  2 dart slugs (D:1)
  A leopard gecko (D:2)
  An orc (D:3)
  3 ball pythons (D:2)
  5 giant cockroaches
  10 goblins
  10 hobgoblins
  8 jackals
  A quokka (D:3)
  8 bats
  5 frilled lizards
  2 kobolds
  10 rats
72 creatures vanquished.

Notes
Turn   | Place    | Note
-------+----------+-------------------------------------------
     0 | D:1      | MajorAdolf the Naga Wanderer began the quest for the Orb.
     0 | D:1      | MajorAdolf set off with the following items: a +2 dagger, a
                  | scroll of fear, a +0 mace, a scroll of teleportation, a +0
                  | robe, a ration
     0 | D:1      | Reached XP level 1. HP: 19/19 MP: 2/2
    28 | D:1      | Reached skill level 1 in Short Blades
   108 | D:1      | Reached XP level 2. HP: 20/26 MP: 3/3
   463 | D:1      | Reached XP level 3. HP: 16/32 MP: 4/4
  1815 | D:2      | Reached XP level 4. HP: 39/39 MP: 5/5
  3406 | D:3      | Found a shimmering altar of Xom.
  3407 | D:3      | Found a hazy altar of Hepliaklqana.
  3407 | D:3      | Noticed a torpor snail
  3408 | D:3      | Noticed a spectral ugly thing
  3408 | D:3      | Noticed a torpor snail
  3450 | D:3      | Reached XP level 5. HP: 45/45 MP: 6/6
  3551 | D:3      | Found a burning altar of Makhleb.
  3552 | D:3      | Found a hide-covered altar of Uskayaw.
  3623 | D:3      | Slain by a gnoll

Levels and vault maps discovered:
D:1:      enne_arrival_octagon_isle, layout_basic
D:2:      layout_basic, minmay_misc_feat_tiny
D:3:      layout_rooms, regret_index_temple_of_mockery,
          gammafunk_temple_overflow_pools, first_ration

Skill      XL: |  1  2  3  4 |
---------------+-------------+-----
Short Blades   | 1 2 3 |  3.9
Stealth        | 3 |  3.3
Fighting       | |  2.0
Maces & Flails | |  2.0
Armour         | |  1.0
Dodging        | |  0.6
Shields        | |  1.0
Spellcasting   | |  1.0
Summonings     | |  2.0

Action                   |  1- 3 |  4- 6 || total
-------------------------+-------+-------++-------
Melee: Dagger            |   119 |    93 ||   212
 Fire: Hunting sling     |       |     1 ||     1
 Abil: Spit Poison       |    24 |    31 ||    55
  Use: Scroll            |       |     3 ||     3
 Stab: Sleeping          |     1 |       ||     1
  Eat: Chunk             |     3 |     6 ||     9
Armor: Robe              |    32 |    35 ||    67
Dodge: Dodged            |    61 |    57 ||   118
